 Dungeon Crawl Stone Soup version 0.27-a0-1565-gad902ab807 (webtiles) character file.

Game seed: 5013698638107326059

102 Wyvernaa the Shield-Bearer (level 4, -4/23 (24) HPs)
             Began as a Vine Stalker Fighter on July 17, 2021.
             Killed by divine providence
             ... invoked by an orc priest
              (11 damage)
             ... on level 3 of the Dungeon.
             The game lasted 00:02:47 (1968 turns).

Wyvernaa the Shield-Bearer (Vine Stalker Fighter)   Turns: 1968, Time: 00:02:48

HP:   -4/23 (24)    AC:  9    Str: 20    XL:     4   Next: 77%
MP:   0/7           EV:  7    Int:  8    God:
Gold: 133           SH:  9    Dex: 13    Spells: 6/6 levels left

rFire    . . .     SeeInvis +   a - +0 rapier
rCold    . . .     Faith    .   c - +0 kite shield
rNeg     . . .     Spirit   +   b - +0 scale mail
rPois    .         Reflect  .   j - +0 helmet
rElec    .         Harm     .   (no cloak)
rCorr    .         Rampage  .   (no gloves)
Will     .....                  f - +1 pair of boots
Stlth    ..........             (no amulet)
HPRegen  1.07/turn              i - ring of see invisible
MPRegen  0.10/turn              (no ring)

@: lightly drained
A: fangs 2, regeneration 1, magic shield, antimagic bite, no potion heal 2
a: no special abilities


You were on level 3 of the Dungeon.
You visited 1 branch of the dungeon, and saw 3 of its levels.

You collected 133 gold pieces.

Inventory:

Hand Weapons
 a - a +0 rapier (weapon)
Armour
 b - a +0 scale mail (worn)
 c - a +0 kite shield (worn)
 f - a +1 pair of boots (worn)
 j - a +0 helmet (worn)
Jewellery
 i - a ring of see invisible (left hand)
Potions
 d - a potion of might
 g - a potion of berserk rage


   Skills:
 + Level 3.0 Fighting
 + Level 2.6 Short Blades
 + Level 2.7 Armour
 + Level 0.4 Dodging
 * Level 1.8 Stealth
 + Level 3.1 Shields
 * Level 1.5 Spellcasting


You had 6 spell levels left.
You didn't know any spells.
Your spell library was empty.

Dungeon Overview and Level Annotations

Branches:
Dungeon (3/15)

Altars:


Innate Abilities, Weirdness & Mutations

You have extremely sharp teeth.
Your natural rate of healing is unusually fast.
When hurt, damage is shared between your health and your magic reserves.
Your bite disrupts and absorbs the magic of your enemies.
Potions cannot restore your health.


Message History

The orc priest invokes the aid of Beogh against you.
Beogh smites you!
As you read the scroll of teleportation, it crumbles to dust.
You feel strangely unstable.
Your surroundings suddenly seem different.
A rat comes into view.
You hit the orc priest.
The orc priest is moderately wounded.
You block the orc priest's attack.
You closely miss the orc priest.
The orc priest is moderately wounded.
You block the orc priest's attack. The rat barely misses you.
You hit the orc priest.
You bite the orc priest, but do no damage.
The orc priest is heavily wounded.
You block the orc priest's attack. The rat barely misses you.
You hit the orc priest but do no damage.
The orc priest is heavily wounded.
The orc priest hits you with a +0 flail of protection.
You block the rat's attack. The orc hits you but does no damage.
The orc priest hits you with a +0 flail of protection.
You hit the orc priest but do no damage.
You bite the orc priest, but do no damage.
The orc priest is heavily wounded.
You block the orc's attack. x2; The rat barely misses you.
The orc priest hits you with a +0 flail of protection.
You block the orc's attack. The orc barely misses you.
You barely miss the orc priest. Your bite misses the orc priest.
The orc priest is heavily wounded.
The rat bites you but does no damage. The orc hits you with a +0 club.
The orc hits you but does no damage.
You feel drained. The rat bites you. The orc hits you but does no damage.
The orc priest hits you with a +0 flail of protection.
You block the orc's attack.
You hit the orc priest.
The orc priest is heavily wounded.
The orc hits you with a +0 club.
The orc priest invokes the aid of Beogh against you.
Beogh smites you!
You die...

#.# ..# #.# #####.# #.#
#...#.# #.# ###.#.# #.#
#...#.# # # #.# #.###.#
#. .### ##.#
#.....###'#####...#
...#.######.....oo.....#
...#............@or....#
...########......o.....#
...# #............#
...########............#
.......................#
.......................#
#......................#
#......................#
###################


You could see an orc priest, 3 orcs and a rat.

Vanquished Creatures
  6 adders
  7 endoplasms (D:1)
  2 goblins
  6 hobgoblins
  3 jackals (D:2)
  4 quokkas
  5 ball pythons
  9 bats
  3 frilled lizards (D:1)
  A kobold (D:2)
  3 rats
49 creatures vanquished.

Notes
Turn   | Place    | Note
-------+----------+-------------------------------------------
     0 | D:1      | Wyvernaa the Vine Stalker Fighter began the quest for the
                  | Orb.
     0 | D:1      | Reached XP level 1. HP: 11/11 MP: 2/2
   241 | D:1      | Reached XP level 2. HP: 16/16 MP: 3/3
   461 | D:1      | Found a faded altar of an unknown god.
   475 | D:1      | Reached skill level 1 in Stealth
   602 | D:1      | Reached XP level 3. HP: 15/19 MP: 0/5
  1377 | D:2      | Reached skill level 1 in Spellcasting
  1434 | D:2      | Gained mutation: Your natural rate of healing is unusually
                  | fast. [Vine Stalker growth]
  1434 | D:2      | Reached XP level 4. HP: 23/23 MP: 6/6
  1968 | D:3      | Killed from afar by an orc priest

Illustrated notes

Levels and vault maps discovered:
D:1:      eino_arrival_cavern_d, layout_rooms,
          hellmonk_ecumenical_altar_pennies_from_heaven, roderic_roman_lattice,
          minmay_misc_feat_square, roderic_serpentine_path,
          hangedman_decor_clover_reticule
D:2:      layout_rooms
D:3:      layout_basic, serial_bayou_pond_e

Skill      XL: |  1  2  3  4 |
---------------+-------------+-----
Short Blades   | 2 |  2.6
Stealth        | 1 |  1.8
Spellcasting   | 1 |  1.5
Shields        | 3 |  3.1
Fighting       | 3 |  3.0
Armour         | |  2.7
Dodging        | |  0.4

Action                   |  1- 3 |  4- 6 || total
-------------------------+-------+-------++-------
Melee: Rapier            |    92 |    54 ||   146
       Bite              |    22 |     8 ||    30
  Use: Scroll            |     2 |     3 ||     5
Armor: Scale mail        |    53 |    36 ||    89
Dodge: Dodged            |    32 |    22 ||    54
Block: Kite shield       |    57 |    28 ||    85

Table legend: (Time is in decaauts)
 A = Elapsed time spent in this place.
 B = Non-inter-level travel time spent in this place.
 C = Inter-level travel time spent in this place.
 D = Time resting spent in this place.
 E = Time spent auto-exploring this place.
 F = Levels seen in this place.
 G = Mean time per level.
                   A        B        C        D        E       F      G
               +--------+--------+--------+--------+--------+-----+--------+
         Total |   2019 |   1955 |     64 |    387 |   1173 |   3 |  673.0 |
       Dungeon |   2019 |   1955 |     64 |    387 |   1173 |   3 |  673.0 |
               +--------+--------+--------+--------+--------+-----+--------+

Top non-repeatable levels by time:
     D:1: 1388 daAuts
     D:2: 549 daAuts
     D:3: 82 daAuts
